 Dungeon Crawl Stone Soup version 0.17.2-1-ge4368a0 (webtiles) character file.

30 Goblin1989 the Scratcher (level 3, -1/15 HPs)
             Began as a Felid Chaos Knight on Nov 12, 2016.
             Slain by an adder (2 damage)
             ... on level 2 of the Dungeon.
             The game lasted 00:02:52 (1335 turns).

Goblin1989 the Scratcher (Felid Chaos Knight)       Turns: 1335, Time: 00:02:52

Health: -1/15      AC:  1    Str:  8    XL:     3   Next: 3%
Magic:  4/4        EV: 18    Int: 11    God:    Xom [*.....]
Gold:   64         SH:  0    Dex: 16    Spells: 0 memorised, 2 levels left
                                        Lives:  0   Deaths: 0

rFire  . . .     SeeInvis +       - Unarmed
rCold  . . .     Clarity  .     (armour unavailable)
rNeg   . . .     SustAt   .     (shield unavailable)
rPois  .         Gourm    .     (helmet unavailable)
rElec  .         Spirit   .     (cloak unavailable)
rCorr  .         Warding  .     (gloves unavailable)
rMut   .         Stasis   .     (boots unavailable)
MR     .....                    (no amulet)
Stlth  ++........               (no ring)
                                (no ring)

@: lethally poisoned (-1 -> -4), quick, not resistant to hostile enchantments,
unstealthy
A: no armour, no weapons or thrown items, claws 1, fangs 3, see invisible,
carnivore 3, dopey 1, speed 1, frail 1, shaggy fur 1, slow metabolism 1, sharp
paws
a: Renounce Religion


You were on level 2 of the Dungeon.
You worshipped Xom.
You were a special plaything of Xom.
You were completely stuffed.

You visited 1 branch of the dungeon, and saw 2 of its levels.

You collected 64 gold pieces.

Inventory:

Scrolls
 c - a scroll of blinking {unknown}
 e - a scroll of identify {unknown}
 f - 2 scrolls of remove curse {unknown}
 h - a scroll of recharging {unknown}
Potions
 b - a potion of curing {unknown}
Comestibles
 a - a meat ration {@e2}


   Skills:
 + Level 3.3 Fighting
 + Level 3.5 Dodging
 + Level 1.1 Stealth
 * Level 3.6 Unarmed Combat


You had 2 spell levels left.
You didn't know any spells.

Dungeon Overview and Level Annotations

Branches:
Dungeon (2/15)

Altars:

Annotations:
D:1 1 runed door


Innate Abilities, Weirdness & Mutations

You cannot wear armour.
You are incapable of wielding weapons or throwing items.
You have sharp claws.
You have razor-sharp teeth.
You have supernaturally acute eyesight.
You are carnivorous and can eat meat at any time.
You cover ground quickly.
You are covered in fur (AC +1).
You have a slow metabolism.
Your sharp claws are effective at attacking unaware monsters.
You are dopey. (Int -2)
You are frail (-10% HP).


Message History

You claw the adder!
The adder is almost dead.
You feel sick. The adder bites you.
* * * LOW HITPOINT WARNING * * *
You take 2 damage, and have 6/15 hp.
You miss the adder.
The adder is almost dead.
The adder bites you.
* * * LOW HITPOINT WARNING * * *
You take 4 damage, and have 2/15 hp.
MASSIVE DAMAGE!!
You scratch the adder but do no damage.
The adder is almost dead.
* * * LOW HITPOINT WARNING * * *
You feel sick. The adder barely misses you.
You take 1 damage, and have 1/15 hp.
You closely miss the adder.
The adder is almost dead.
Xom makes a sudden noise!
You hear a hideous screaming!
The adder bites you.
You die...

█. █. █.█
█.████████ ████.
█........█ .....█
█......r.█ ......
█........█
..$.█.███...@S...█
.................█
.................█
.......).........█
.................█
.................█
.██████.█........█
█........███
██..██...█


██████ You could see an adder and a quokka.

Vanquished Creatures
  A worm (D:2)
  4 bats
  A giant cockroach (D:1)
  5 hobgoblins
  5 jackals (D:1)
  2 kobolds (D:1)
  A ball python (D:1)
  4 goblins
23 creatures vanquished.

Notes
Turn   | Place    | Note
--------------------------------------------------------------
     0 | D:1      | Goblin1989 the Felid Chaos Knight began the quest for the Orb.
     0 | D:1      | Reached XP level 1. HP: 10/10 MP: 2/2
     2 | D:1      | Found a runed door.
   344 | D:1      | XOM: divination: detect items
   376 | D:1      | Reached XP level 2. HP: 12/14 MP: 3/3
   397 | D:1      | XOM: butterfly on damage
   639 | D:1      | XOM: harmless Fire miscast
   766 | D:1      | You fall through a shaft!
   781 | D:2      | Reached skill level 1 in Stealth
   963 | D:1      | XOM: potion effect (invisibility)
  1107 | D:1      | XOM: harmless Erth miscast
  1255 | D:2      | XOM: confuse monster(s)
  1263 | D:2      | XOM: give mutations
  1263 | D:2      | Gained mutation: You are dopey. (Int -2) [Xom's mischief]
  1263 | D:2      | Gained mutation: You are agile. (Dex +2) [Xom's mischief]
  1263 | D:2      | Lost mutation: You are agile. (Dex +2) [Xom's mischief]
  1263 | D:2      | Gained mutation: You are frail (-10% HP). [Xom's mischief]
  1274 | D:2      | Reached XP level 3. HP: 10/15 MP: 4/4
  1327 | D:2      | XOM: silly message
  1335 | D:2      | XOM: noise
  1335 | D:2      | Slain by an adder

Action                   || total
-------------------------++-------
Melee: Unarmed           ||    72
  Use: Potion            ||     2
 Stab: Sleeping          ||     6
       Invisible         ||     2
  Eat: Chunk             ||     8

Vault maps used:
D:1:      dpeg_arrival_caged_fury, serial_forest, infiniplex_forest_clump_small,
          infiniplex_forest_lined_4_way, infiniplex_forest_pool,
          infiniplex_forest_lined_2, infiniplex_forest_straight_3,
          infiniplex_forest_zigzag_1, infiniplex_forest_lined_1,
          infiniplex_forest_lined_room_2, infiniplex_forest_end_1, st_stairs_4
D:2:      lemuel_upstairs_altar, uniq_natasha
